Map: Eastwatch LE

Players

RagnaroK (SHIN) - Winner!

  • Race: Zerg Zerg
  • Spawn Location: 7:00

Patience

  • Race: Protoss Protoss
  • Spawn Location: 1:00

Event: IEM Season 12 - Katowice

VOD

Have the link to the VOD?

Description

Time

  • Played on: Feb. 27, 2018, 9:56 a.m.
  • Length: 7:49

All games in this series

Show
View Real Time Build Order
Export as new Build Order

RagnaroK Zerg - Winner!

Build Orders: Hatch First 

Get SALT Encoding   

  12  0:00  Drone  
  13  0:12  Overlord  
  13  0:17  Drone  
  14  0:30  Drone x2  
  16  0:37  Drone  
  17  0:53  Hatchery  
  17  0:56  Drone  
  17  1:00  Drone  
  18  1:10  Extractor  
  17  1:15  Spawning Pool  
  17  1:17  Drone  
  17  1:21  Drone  
  18  1:30  Drone  
  19  1:42  Overlord  
  19  2:02  Queen, Zergling x4  
  19  2:06  Queen  
  25  2:10  Drone  
  25  2:15  Metabolic Boost  
  26  2:17  Drone  
  27  2:23  Drone  
  27  2:24  Drone  
  29  2:30  Zergling x2  
  29  2:32  Zergling x2  
  31  2:42  Hatchery  
  30  2:44  Zergling x2  
  30  2:51  Queen  
  33  2:54  Zergling x2  
  34  2:59  Overlord  
  34  3:04  Zergling x2  
  35  3:11  Overlord  
  35  3:12  Overlord  
  35  3:16  Drone  
  35  3:18  Drone x3  
  39  3:20  Drone  
  39  3:21  Drone  
  41  3:30  Drone x2  
  41  3:32  Queen  
  44  3:46  Drone x2  
  44  3:48  Drone x3  
  48  3:49  Drone  
  48  3:51  Spore Crawler  
  48  3:54  Lair  
  48  3:55  Drone  
  48  3:56  Drone x2  
  47  4:04  Drone  
  47  4:05  Drone x3  
  51  4:14  Drone  
  51  4:15  Drone  
  51  4:16  Extractor  
  52  4:17  Spore Crawler  
  52  4:19  Spore Crawler, Extractor  
  52  4:20  Drone x2  
  51  4:25  Zergling x6  
  51  4:27  Queen  
  56  4:32  Overlord  
  56  4:36  Drone  
  57  4:42  Zergling x2  
  57  4:44  Overlord  
  58  4:47  Drone  
  58  4:48  Overlord  
  58  4:54  Zergling x4  
  58  4:55  Zergling x6  
  58  4:57  Drone x3  
  58  4:59  Hydralisk Den  
  64  5:01  Drone  
  64  5:03  Overlord  
  64  5:05  Overseer  
  64  5:06  Drone  
  66  5:08  Drone  
  66  5:10  Drone  
  66  5:11  Drone  
  66  5:13  Drone  
  70  5:14  Drone  
  70  5:15  Extractor  
  70  5:32  Hydralisk  
  70  5:33  Hydralisk x4, Grooved Spines  
  70  5:35  Overlord  
  80  5:45  Hydralisk x3  
  85  5:56  Hydralisk x2  
  87  6:03  Hydralisk  
  87  6:04  Hydralisk x2  
  85  6:07  Overlord x2  
  91  6:12  Hydralisk  
  91  6:13  Hydralisk  
  95  6:19  Zergling x6  
  95  6:21  Overlord x3  
  98  6:27  Hydralisk  
  98  6:28  Zergling x10  
  105  6:35  Hydralisk  
  105  6:36  Zergling x4  
  109  6:42  Hydralisk, Zergling x4  
  109  6:43  Zergling x2  
  114  6:49  Hydralisk  
  114  6:50  Zergling x6  
  114  6:53  Spore Crawler  
  117  6:54  Spore Crawler  
  117  6:59  Zergling x6  
  114  7:03  Spore Crawler  
  114  7:05  Spore Crawler, Zergling x4  
  109  7:11  Zergling x6  
  109  7:14  Zergling x2  
  107  7:17  Zergling x2  
  107  7:20  Zergling x2  
  107  7:21  Zergling x2  
  95  7:23  Zergling x2  
  95  7:24  Zergling x2  
Show
View Real Time Build Order
Export as new Build Order

Patience Protoss 

Build Orders: 1 Gate Expand, Oracle Opening, Phoenix Opening 

Get SALT Encoding   

  12  0:00  Probe  
  13  0:12  Probe  
  14  0:18  Pylon  
  14  0:25  Probe (Chrono Boost)  
  15  0:37  Probe (Chrono Boost)  
  16  0:43  Gateway  
  16  0:44  Probe (Chrono Boost)  
  16  0:46  Assimilator  
  17  0:51  Probe  
  18  1:03  Probe  
  19  1:15  Probe  
  20  1:25  Nexus  
  20  1:35  Cybernetics Core  
  20  1:38  Probe  
  21  1:44  Assimilator  
  21  1:50  Probe  
  21  1:54  Pylon  
  22  2:02  Probe  
  23  2:10  Adept (Chrono Boost)  
  23  2:14  Probe  
  26  2:19  Stargate  
  26  2:23  Warp Gate  
  26  2:26  Probe  
  27  2:30  Adept (Chrono Boost)  
  29  2:37  Probe  
  29  2:38  Probe  
  31  2:49  Adept, Probe  
  34  2:53  Probe  
  35  3:00  Oracle (Chrono Boost)  
  35  3:01  Probe  
  35  3:05  Probe  
  40  3:12  Pylon  
  40  3:14  Probe  
  40  3:18  Probe  
  40  3:19  Pylon  
  42  3:28  Probe  
  42  3:30  Phoenix  
  42  3:33  Probe  
  46  3:48  Probe  
  47  3:52  Probe  
  44  4:01  Adept  
  44  4:02  Shield Battery  
  46  4:06  Probe, Stargate  
  46  4:09  Assimilator  
  47  4:11  Assimilator  
  47  4:14  Gateway  
  47  4:15  Oracle (Chrono Boost), Gateway  
  47  4:20  Probe (Chrono Boost)  
  47  4:22  Probe (Chrono Boost)  
  52  4:28  Pylon  
  53  4:33  Probe (Chrono Boost)  
  53  4:37  Probe (Chrono Boost)  
  54  4:38  Probe (Chrono Boost), Adept  
  54  4:44  Probe  
  58  4:47  Probe  
  58  4:48  Oracle (Chrono Boost)  
  59  4:58  Nexus  
  59  5:00  Pylon, Oracle (Chrono Boost)  
  59  5:05  Pylon  
  62  5:19  Zealot x2  
  69  5:22  Zealot  
  69  5:23  Oracle (Chrono Boost)  
  69  5:27  Oracle (Chrono Boost)  
  71  5:32  Probe x2  
  76  5:42  Zealot  
  76  5:43  Zealot  
  76  5:45  Probe x2  
  76  5:49  Twilight Council  
  82  6:02  Probe  
  86  6:08  Oracle (Chrono Boost)  
  86  6:09  Oracle (Chrono Boost)  
  89  6:13  Probe x2  
  89  6:17  Gateway  
  91  6:19  Gateway  
  91  6:22  Gateway  
  91  6:26  Gateway x2  
  86  6:36  Zealot x2  
  86  6:38  Zealot  
  91  6:42  Probe x2  
  91  6:43  Probe  
  94  6:54  Probe  
  94  6:58  Zealot x2  
  94  6:59  Adept  
  76  7:29  Adept x5  
  76  7:30  Adept x3  

Tags
 
Add a new tag
Caveats
  • Supply blocks, unpowered buildings, or Contaminate may cause inaccurate times.
  • Supply counts are checked every 10 seconds.